 Dungeon Crawl Stone Soup version 0.23.1 (webtiles) character file.

Game seed: 3296660572327684946

9723 robertstho the Cleaver (level 11, -15/91 HPs)
             Began as a Black Draconian Berserker on Mar 1, 2019.
             Was an Elder of Trog.
             Demolished by Snorg (16 damage)
             ... on level 10 of the Dungeon.
             The game lasted 00:17:09 (7673 turns).

robertstho the Cleaver (Black Draconian Berserker)  Turns: 7673, Time: 00:17:09

Health: -15/91     AC: 11    Str: 20    XL:     11   Next: 26%
Magic:  11/11      EV: 25    Int:  8    God:    Trog [****..]
Gold:   503        SH:  0    Dex: 13    Spells: 10/10 levels left

rFire    . . .     SeeInvis .   P - +2 battleaxe
rCold    . . .     Gourm    .   (shield currently unavailable)
rNeg     . . .     Faith    .   (armour unavailable)
rPois    .         Spirit   .   (helmet restricted)
rElec    +         Reflect  .   j - +1 cloak
rCorr    .         Harm     .   l - +0 pair of gloves
MR       .....                  G - +0 pair of boots
Stlth    ++........             (no amulet)
HPRegen  0.25/turn              c - +5 ring of evasion
MPRegen  0.12/turn              w - +3 ring of evasion

@: berserk cooldown, slowed, very slow
A: breathe lightning, unfitting armour, electricity resistance, cold-blooded, AC
+7
a: Breathe Lightning, Berserk, Trog's Hand, Brothers in Arms, Renounce Religion


You were on level 10 of the Dungeon.
You worshipped Trog.
Trog was greatly pleased with you.
You were near starving.

You visited 1 branch of the dungeon, and saw 10 of its levels.

You collected 503 gold pieces.

Inventory:

Hand Weapons
 u - a +0 war axe
 A - a +0 whip of freezing
 E - a +2 quarterstaff of speed
 P - a +2 battleaxe (weapon)
Armour
 j - a +1 cloak (worn)
 l - a +0 pair of gloves (worn)
 o - a scarf of resistance
 p - a +0 shield
 G - a +0 pair of boots (worn)
 M - a +0 large shield
Jewellery
 c - a +5 ring of evasion (left hand)
 w - a +3 ring of evasion (right hand)
 F - an uncursed ring of flight {unknown}
Wands
 r - a wand of flame (58)
 O - a wand of digging (3)
Scrolls
 a - a scroll of fear
 e - 9 scrolls of remove curse
 h - 4 scrolls of magic mapping
 m - a scroll of noise {unknown}
 n - a scroll of identify
 q - 2 scrolls of enchant weapon {unknown}
 y - 2 scrolls of fog {unknown}
 z - 2 scrolls of amnesia {unknown}
 B - 2 scrolls of blinking {unknown}
 C - 3 scrolls of teleportation
 I - a scroll of random uselessness {unknown}
Potions
 d - 3 potions of curing
 f - 5 potions of heal wounds
 g - 3 potions of agility
 i - 2 potions of magic {unknown}
 k - 2 potions of invisibility {unknown}
 s - a potion of lignification {unknown}
 t - 3 potions of brilliance {unknown}
 v - 2 potions of ambrosia {unknown}
 x - 4 potions of mutation
 D - 2 potions of degeneration {unknown}
 H - 2 potions of flight {unknown}
 K - a potion of berserk rage
 L - 2 potions of haste {unknown}
 N - a potion of resistance {unknown}
Miscellaneous
 J - a lamp of fire
Comestibles
 b - 15 rations


   Skills:
 + Level 6.8 Fighting
 * Level 13.8 Axes
 * Level 8.3 Dodging
 + Level 2.9 Stealth
 + Level 2.3 Shields


You had 10 spell levels left.
You didn't know any spells.
Your spell library was empty.

Dungeon Overview and Level Annotations

Branches:
Dungeon (10/15)            Temple (0/1) D:6             Orc (0/2) D:9
   Lair: D:8-11

Altars:
Gozag
Sif Muna
Trog
Zin

Shops:
D:7 [

Annotations:
D:9 3 runed translucent doors, Lasty's ghost, journeyman OpWr
D:10 Snorg


Innate Abilities, Weirdness & Mutations

You can breathe wild blasts of lightning.
Your glossy black scales are hard. (AC +7)
You cannot fit into any form of body armour.
You are resistant to electric shocks. (rElec)
You are cold-blooded and may be slowed by cold attacks.


Message History

* * * LOW HITPOINT WARNING * * *
Snorg completely misses you. Snorg closely misses you.
An orc comes into view. It is wielding a +0 flail.
The orc shouts!
You slice Snorg!!
Snorg is lightly wounded.
Snorg completely misses you. Snorg closely misses you.
Snorg completely misses you. Snorg misses you. Snorg completely misses you.
Snorg misses you.
You slash Snorg!
Snorg is moderately wounded.
You feel a strong urge to attack something.
You feel your anger nearly subside.
You are no longer berserk.
You are exhausted.
You feel yourself slow down.
You fail to use your ability.
Snorg misses you. Snorg closely misses you. Snorg misses you. Snorg bites you!!
* * * LOW HITPOINT WARNING * * *
Snorg closely misses you. Snorg barely misses you. Snorg bites you!
You die...

#...# #.#####.......#.####
#...# #.............#.#
#...# #######.......#.#
#...# #.......#.# #...#
#.(..####.# #....# #.
#....#
#.?o##########....#########
#...oo..oT@...............(
#...##########....#########
#. #####....#### #
##...........## #
##.............## #
##...............## # #+
##.................### #.
##...................##
#.##.....................#


You could see Snorg (berserk), an orc warrior and 3 orcs.

Vanquished Creatures
  Harold (D:9)
  An unseen horror (D:10)
  Pikel (D:4)
  3 ugly things (D:9)
  Psyche (D:9)
  A gargoyle (D:10)
  A queen bee (D:10)
  A hungry ghost (D:7)
  A sky beast (D:6)
  4 orc warriors
  4 ogres
  4 phantoms
  2 centaurs
  A bullfrog (D:6)
  A water moccasin zombie (D:9)
  4 scorpions
  A wyvern skeleton (D:9)
  24 killer bees
  A howler monkey (D:4)
  5 wights (D:8)
  8 crimson imps
  2 centaur zombies
  A quasit (D:6)
  An orc priest (D:9)
  3 hounds
  11 orc wizards
  3 bullfrog skeletons
  4 jellies
  Natasha (thrice) (D:3)
  An iguana (D:7)
  Terence (D:3)
  8 worker ants
  Robin (D:3)
  A worker ant zombie (D:7)
  3 gnolls (D:4)
  A howler monkey skeleton (D:8)
  9 adders
  2 shadow imps
  An adder skeleton (D:5)
  2 worms (D:2)
  2 dart slugs
  5 leopard geckos
  40 orcs
  4 giant cockroaches
  11 hobgoblins
  5 jackals
  6 quokkas
  A ball python (D:1)
  A ball python skeleton (D:4)
  8 bats
  2 frilled lizards
  16 goblins
  A jackal zombie (D:5)
  5 kobolds
  A leopard gecko zombie (D:9)
  A quokka skeleton (D:5)
  A quokka zombie (D:7)
  9 rats
247 creatures vanquished.

Vanquished Creatures (collateral kills)
  A very ugly thing (D:9)
  A glowing orange brain (D:9)
  2 ugly things (D:9)
  6 killer bees (D:10)
  4 orcs (D:9)
14 creatures vanquished.

Grand Total: 261 creatures vanquished

Notes
Turn   | Place    | Note
-------+----------+-------------------------------------------
     0 | D:1      | robertstho the Draconian Berserker began the quest for the
                  | Orb.
     0 | D:1      | Reached XP level 1. HP: 19/19 MP: 1/1
   123 | D:1      | Reached XP level 2. HP: 26/26 MP: 2/2
   353 | D:1      | Reached ** piety under Trog
   620 | D:1      | Reached XP level 3. HP: 31/31 MP: 3/3
   849 | D:2      | Reached skill level 4 in Axes
   921 | D:2      | Reached XP level 4. HP: 40/40 MP: 4/4
  1091 | D:3      | Noticed Terence
  1108 | D:3      | Killed Terence
  1338 | D:3      | Noticed Natasha
  1339 | D:3      | Noticed Robin
  1366 | D:3      | Killed Natasha
  1366 | D:3      | Reached XP level 5. HP: 12/46 MP: 5/5
  1375 | D:3      | Reached *** piety under Trog
  1383 | D:3      | Killed Robin
  1480 | D:3      | Noticed Natasha
  1494 | D:3      | Killed Natasha
  1494 | D:3      | Reached skill level 5 in Axes
  1518 | D:3      | Noticed Natasha
  1526 | D:3      | Killed Natasha
  1690 | D:3      | Reached XP level 6. HP: 50/52 MP: 6/6
  1742 | D:3      | Found a faded altar of an unknown god.
  2115 | D:4      | Reached skill level 1 in Shields
  2260 | D:4      | Reached skill level 6 in Axes
  2260 | D:4      | Your scales start taking on a glossy black colour.
  2260 | D:4      | Reached XP level 7. HP: 27/59 MP: 7/7
  2260 | D:4      | Gained mutation: You are resistant to electric shocks.
                  | (rElec) [Black Draconian growth]
  2733 | D:4      | Noticed Pikel
  2749 | D:4      | Killed Pikel
  2749 | D:4      | Reached skill level 7 in Axes
  2749 | D:4      | Reached skill level 5 in Dodging
  2749 | D:4      | Reached skill level 1 in Stealth
  2749 | D:4      | Reached XP level 8. HP: 22/67 MP: 8/8
  3040 | D:5      | Entered Level 5 of the Dungeon
  3156 | D:5      | Reached **** piety under Trog
  3265 | D:5      | Found a deep blue altar of Sif Muna.
  3392 | D:5      | Reached skill level 8 in Axes
  3438 | D:5      | Found a bloodstained altar of Trog.
  4013 | D:6      | Reached skill level 9 in Axes
  4097 | D:6      | Reached skill level 5 in Fighting
  4573 | D:6      | Found a staircase to the Ecumenical Temple.
  4590 | D:6      | Reached XP level 9. HP: 74/74 MP: 9/9
  4907 | D:7      | Found Likijyg's Armour Shoppe.
  5100 | D:7      | Reached skill level 10 in Axes
  5288 | D:8      | Reached ***** piety under Trog
  5347 | D:8      | Found a glowing silver altar of Zin.
  5694 | D:9      | Noticed Psyche
  5702 | D:9      | Killed Psyche
  5702 | D:9      | Reached skill level 11 in Axes
  5847 | D:9      | Reached XP level 10. HP: 68/83 MP: 10/10
  6003 | D:9      | Found a staircase to the Orcish Mines.
  6022 | D:9      | Noticed Harold
  6023 | D:9      | Received a gift from Trog
  6036 | D:9      | Killed Harold
  6114 | D:9      | Found an opulent altar of Gozag.
  6173 | D:9      | Reached skill level 12 in Axes
  6340 | D:9      | Found a runed translucent gate.
  6340 | D:9      | Found a runed translucent gate.
  6340 | D:9      | Found a runed translucent gate.
  6341 | D:9      | Noticed a green ugly thing
  6342 | D:9      | Noticed a green ugly thing
  6342 | D:9      | Noticed a white very ugly thing
  6342 | D:9      | Noticed a red ugly thing
  6342 | D:9      | Noticed a red ugly thing
  6342 | D:9      | Noticed a brown ugly thing
  6344 | D:9      | Noticed a glowing orange brain
  6583 | D:9      | Killed a red very ugly thing
  6586 | D:9      | Killed a cyan ugly thing
  6591 | D:9      | Killed a cyan ugly thing
  6592 | D:9      | Killed a brown ugly thing
  6592 | D:9      | Reached skill level 13 in Axes
  6833 | D:9      | Killed a cyan ugly thing
  6843 | D:9      | Killed a purple ugly thing
  6854 | D:9      | Killed a glowing orange brain
  6854 | D:9      | Reached XP level 11. HP: 72/91 MP: 11/11
  6867 | D:9      | Found a runed translucent gate.
  6867 | D:9      | Found a runed translucent gate.
  6870 | D:9      | Found a runed translucent gate.
  6875 | D:9      | Noticed Lasty's ghost (journeyman OpWr)
  6919 | D:10     | Entered Level 10 of the Dungeon
  7130 | D:10     | Killed an unseen horror
  7660 | D:10     | Noticed Snorg
  7673 | D:10     | HP: 1/91 [Snorg (19)]
  7673 | D:10     | Demolished by Snorg

Skill      XL: |  1  2  3  4  5  6  7  8  9 10 11 |
---------------+----------------------------------+-----
Dodging        | 3 4 5 6 7 8 |  8.3
Axes           | 4 5 6 7 9 11 13 | 13.8
Fighting       | 4 5 6 |  6.8
Shields        | 1 2 |  2.3
Stealth        | 1 2 |  2.9

Action                   |  1- 3 |  4- 6 |  7- 9 | 10-12 || total
-------------------------+-------+-------+-------+-------++-------
Melee: Hand axe          |   111 |   163 |    11 |       ||   285
       Tailslap          |    15 |    20 |    56 |    28 ||   119
       War axe           |       |       |   107 |       ||   107
       Battleaxe         |       |       |   311 |   186 ||   497
Invok: Berserk           |       |     4 |     2 |     6 ||    12
       Trog's Hand       |       |     2 |       |     2 ||     4
       Brothers in Arms  |       |       |       |     6 ||     6
 Abil: Breathe Lightning |       |       |       |     1 ||     1
  Use: Scroll            |       |       |       |     6 ||     6
 Stab: Sleeping          |       |     1 |     4 |     1 ||     6
  Eat: Chunk             |       |     8 |    14 |     7 ||    29
       Ration            |       |       |     1 |     2 ||     3
Armor: Skin              |    28 |    31 |    95 |    35 ||   189
Dodge: Dodged            |   138 |   102 |   431 |   265 ||   936
Block: Shield            |       |    54 |    48 |       ||   102
